 Dungeon Crawl Stone Soup version 0.23.2-40-g277498a001 (webtiles) character file.

Game seed: 16617736089095207161

3695 Melior the Thaumaturge (level 9, -14/68 HPs)
             Began as a Demonspawn Wizard on Aug 27, 2019.
             Was a Believer of Vehumet.
             Killed from afar by a gargoyle (29 damage)
             ... with a stone arrow
             ... on level 7 of the Dungeon.
             The game lasted 00:41:06 (10044 turns).

Melior the Thaumaturge (Demonspawn Wizard)         Turns: 10044, Time: 00:41:06

Health: -14/68     AC:  4    Str:  7    XL:     9   Next: 90%
Magic:  31/32      EV: 12    Int: 24    God:    Vehumet [**....]
Gold:   393        SH:  0    Dex: 11    Spells: 17/28 levels left

rFire    . . .     SeeInvis .   G - staff of energy
rCold    . . .     Gourm    .   (no shield)
rNeg     . . .     Faith    .   a - +0 robe
rPois    .         Spirit   .   b - +0 hat
rElec    .         Reflect  .   (no cloak)
rCorr    .         Harm     .   (no gloves)
MR       .....                  (no boots)
Stlth    ++........             (no amulet)
HPRegen  0.21/turn              x - ring of magical power
MPRegen  0.23/turn              t - +2 ring of protection

@: no status effects
A: hooves 1, spiny 3
a: Renounce Religion


You were on level 7 of the Dungeon.
You worshipped Vehumet.
Vehumet was pleased with you.
You were not hungry.

You visited 2 branches of the dungeon, and saw 8 of its levels.
You also visited: Sewer.

You collected 393 gold pieces.

Inventory:

Hand Weapons
 C - a +0 short sword of speed
Missiles
 f - 10 tomahawks (quivered)
Armour
 a - a +0 robe (worn)
 b - a +0 hat (worn)
Magical Staves
 G - an uncursed staff of energy (weapon)
Jewellery
 n - an uncursed ring of resist corrosion
 p - an uncursed ring of protection from cold
 q - an uncursed ring of protection from magic
 s - an uncursed ring of poison resistance
 t - a +2 ring of protection (right hand)
 x - a ring of magical power (left hand)
Scrolls
 e - 3 scrolls of teleportation
 j - a scroll of remove curse
 k - 2 scrolls of amnesia
 u - 2 scrolls of blinking
 v - a scroll of enchant weapon {unknown}
 w - a scroll of enchant armour {unknown}
 y - a scroll of magic mapping
 B - 2 scrolls of noise {unknown}
Potions
 c - a potion of might {unknown}
 g - 3 potions of flight
 h - 3 potions of heal wounds {unknown}
 m - a potion of haste {unknown}
 o - a potion of mutation {unknown}
 r - a potion of degeneration {unknown}
 z - 5 potions of curing {unknown}
 A - 2 potions of ambrosia {unknown}
 D - 2 potions of cancellation {unknown}
 F - 2 potions of agility {unknown}
Comestibles
 d - 18 rations
 i - 5 chunks of flesh


   Skills:
 - Level 5.0 Fighting
 - Level 2.0 Dodging
 - Level 2.0 Stealth
 - Level 10.0 Spellcasting
 + Level 8.2 Conjurations
 - Level 1.0 Summonings
 - Level 0.8 Translocations


You had 17 spell levels left.
You knew the following spells:

 Your Spells              Type           Power        Failure   Level  Hunger
a - Magic Dart            Conj           ####         1%          1    None
b - Blink                 Tloc           N/A          5%          2    None
c - Call Imp              Summ           ###.....     5%          2    None
d - Conjure Flame         Conj/Fire      ####....     3%          3    None
e - Mephitic Cloud        Conj/Pois/Air  ####....     5%          3    None

Your spell library contained the following spells:

 Spells                   Type           Power        Failure   Level  Hunger
 Sandblast                Erth           ##....       5%          1    None
 Slow                     Hex            ##......     8%          2    None


Dungeon Overview and Level Annotations

Branches:
Dungeon (7/15)             Temple (1/1) D:4

Altars:
Ashenzari
Cheibriados
Dithmenos
Elyvilon
Fedhas
Gozag
Hepliaklqana
Kikubaaqudgha
Makhleb
Nemelex Xobeh
Okawaru
Qazlal
Ru
Sif Muna
Trog
Uskayaw
Vehumet
Wu Jian
Xom
Yredelemnul
Zin
The Shining One

Shops:
D:5 :   D:6 (


Innate Abilities, Weirdness & Mutations

You have large cloven feet.
You are completely covered in sharp spines.


Message History

You hit the gargoyle but do no damage.
The gargoyle is moderately damaged.
The gargoyle is struck by your spines. The gargoyle closely misses you.
You completely miss the gargoyle.
The gargoyle is heavily damaged.
The gargoyle misses you.
You hit the gargoyle but do no damage.
The gargoyle is heavily damaged.
The gargoyle hurls a stone arrow at you.
The stone arrow hits you!!
* * * LOW HITPOINT WARNING * * *
Casting: Magic Dart (safe; 1% risk of failure)
Confirm with . or Enter, or press ? or * to list all spells.
You blink.
As you read the scroll of fog, it crumbles to dust.
The scroll dissolves into smoke.
An orc comes into view. It is wielding a +0 hand axe.
The gargoyle hurls a stone arrow at you.
The stone arrow hits you!!
You die...

..................#...#.
....##.................
.....####............###
.....# ###.........##
.##### ####......# .#
###...## .# ##.## .#
#..# .# ##@## .# ##..###
.## #§§...#### ..#
##9§....... ..#
####§§§§....>.
..########§§§§§§§§.....
..........§§§§§§§§.....
#######9.#####§§.......
# ##.....# ##........


You could see a gargoyle.

Vanquished Creatures
  Pikel (D:7)
  9 yaks
  A spriggan (D:7)
  Duvessa (D:6)
  An orc warrior (D:5)
  A slave (D:7)
  An ice beast (D:7)
  A sky beast (D:6)
  4 ogres
  A big kobold (Sewer)
  A bullfrog (D:5)
  A water moccasin zombie (D:7)
  Dowan (D:6)
  A scorpion (D:4)
  3 howler monkeys (D:7)
  2 crimson imps (D:5)
  4 hounds
  An orc wizard (D:5)
  A bullfrog skeleton (D:6)
  A jelly (D:5)
  A gnoll shaman (D:5)
  4 orc priests
  An iguana (D:6)
  5 worker ants
  A hound skeleton (D:7)
  A worker ant zombie (D:5)
  8 gnolls
  7 adders
  A river rat (D:5)
  3 oozes
  2 adder skeletons
  5 worms
  3 dart slugs
  4 leopard geckos
  27 orcs
  6 giant cockroaches
  9 hobgoblins
  A jackal (Sewer)
  10 kobolds
  4 quokkas
  10 bats
  10 frilled lizards
  9 goblins
  A jackal skeleton (D:4)
  A quokka zombie (D:5)
  12 rats
183 creatures vanquished.

Vanquished Creatures (others)
  A scorpion (D:5)
1 creature vanquished.

Grand Total: 184 creatures vanquished

Notes
Turn   | Place    | Note
-------+----------+-------------------------------------------
     0 | D:1      | Melior the Demonspawn Wizard began the quest for the Orb.
     0 | D:1      | Reached XP level 1. HP: 13/13 MP: 4/4
   564 | D:1      | Gained mutation: You have large cloven feet. [demonic
                  | ancestry]
   564 | D:1      | Reached XP level 2. HP: 3/19 MP: 0/6
  1291 | D:1      | Learned a level 2 spell: Blink
  1410 | D:1      | Gained mutation: You are partially covered in sharp spines.
                  | [demonic ancestry]
  1410 | D:1      | Reached XP level 3. HP: 24/25 MP: 4/8
  1880 | D:2      | Reached skill level 1 in Fighting
  2485 | D:2      | Learned a level 3 spell: Conjure Flame
  2489 | D:2      | Learned a level 3 spell: Mephitic Cloud
  2571 | D:2      | Reached XP level 4. HP: 26/32 MP: 2/9
  2962 | D:2      | Reached skill level 4 in Spellcasting
  3887 | D:3      | Reached XP level 5. HP: 38/38 MP: 2/11
  4810 | D:4      | Reached XP level 6. HP: 31/46 MP: 8/13
  5084 | D:4      | Reached skill level 5 in Spellcasting
  5116 | D:4      | Learned a level 2 spell: Call Imp
  5526 | D:4      | Found a staircase to the Ecumenical Temple.
  5596 | Temple   | Entered the Ecumenical Temple
  5900 | Temple   | Became a worshipper of Vehumet
  5955 | D:5      | Entered Level 5 of the Dungeon
  5978 | D:5      | Gained mutation: You are mostly covered in sharp spines.
                  | [demonic ancestry]
  5978 | D:5      | Reached XP level 7. HP: 46/52 MP: 13/15
  6005 | D:5      | Found a shadowy altar of Dithmenos.
  6190 | D:5      | Found a glowing drain.
  6226 | Sewer    | Entered a sewer
  6289 | Sewer    | Reached skill level 6 in Spellcasting
  6391 | Sewer    | Found a white marble altar of Elyvilon.
  6533 | D:5      | Found Atwitit's Book Shop.
  6620 | D:5      | Reached * piety under Vehumet
  6620 | D:5      | Offered knowledge of Freeze by Vehumet.
  7257 | D:6      | Noticed Dowan
  7261 | D:5      | Gained mutation: You are completely covered in sharp
                  | spines. [demonic ancestry]
  7261 | D:5      | Reached XP level 8. HP: 61/61 MP: 18/18
  7299 | D:6      | Noticed Duvessa
  7305 | D:6      | Killed Dowan
  7487 | D:5      | Reached skill level 7 in Spellcasting
  7759 | D:6      | Found Emuxatoa's Weapon Shoppe.
  7815 | D:6      | Reached skill level 5 in Conjurations
  7819 | D:6      | Reached skill level 5 in Fighting
  7830 | D:6      | Reached skill level 8 in Spellcasting
  7965 | D:6      | Reached XP level 9. HP: 51/68 MP: 20/21
  8069 | D:6      | Killed Duvessa
  8333 | D:6      | Reached ** piety under Vehumet
  8343 | D:6      | Offered knowledge of Sandblast by Vehumet.
  8775 | D:7      | Noticed Pikel
  8805 | D:7      | Killed Pikel
  8805 | D:7      | Reached skill level 9 in Spellcasting
  8868 | D:7      | Noticed a gargoyle
  9698 | D:7      | Reached skill level 10 in Spellcasting
 10044 | D:7      | Killed from afar by a gargoyle

Skill      XL: |  1  2  3  4  5  6  7  8  9 |
---------------+----------------------------+-----
Stealth        | 2 |  2.0
Dodging        | 2 |  2.0
Fighting       | 1 2 3 4 5 |  5.0
Conjurations   | 2 3 4 6 8 |  8.2
Spellcasting   | 4 5 6 8 10 | 10.0
Summonings     | |  1.0
Translocations | |  0.8

Action                   |  1- 3 |  4- 6 |  7- 9 || total
-------------------------+-------+-------+-------++-------
Melee: Unarmed           |    28 |       |       ||    28
       Dagger            |    19 |   105 |     5 ||   129
       Kick              |     6 |    27 |    38 ||    71
       Short sword       |       |       |   117 ||   117
       Staff             |       |       |    71 ||    71
Throw: Tomahawk          |       |     2 |     5 ||     7
 Cast: Magic Dart        |    96 |   109 |   176 ||   381
       Mephitic Cloud    |     2 |    19 |    36 ||    57
       Blink             |       |     1 |     5 ||     6
       Conjure Flame     |       |       |     5 ||     5
       Call Imp          |       |       |     4 ||     4
  Use: Scroll            |     1 |     5 |     4 ||    10
 Stab: Sleeping          |     1 |     1 |     1 ||     3
       Confused          |     1 |    12 |    10 ||    23
  Eat: Chunk             |     5 |    12 |    13 ||    30
Armor: Robe              |    18 |     5 |    16 ||    39
Dodge: Dodged            |    49 |    39 |    93 ||   181
